 Dungeon Crawl Stone Soup version 0.31.0-32-g396128a36d (webtiles) character file.

Game seed: 7708630930740712230

35 Doomgape the Sneak (level 3, -6/21 HPs)
             Began as a Kobold Brigand on Mar 22, 2024.
             Mangled by Sigmund
             ... wielding a +0 scythe
              (11 damage)
             ... on level 2 of the Dungeon.
             The game lasted 00:02:40 (833 turns).

Doomgape the Sneak (Kobold Brigand)                  Turns: 833, Time: 00:02:40

Health: -6/21      AC:  3    Str:  8    XL:     3   Next: 55%
Magic:  3/3        EV: 15    Int: 12    God:
Gold:   33         SH:  0    Dex: 18    Spells: 2/2 levels left

rFire   . . .        a - +2 dagger
rCold   . . .        (no shield)
rNeg    + . .        b - +0 robe
rPois   .            (no helmet)
rElec   .            c - +0 cloak
rCorr   +            (no gloves)
SInv    .            (no boots)
Will    .....        (no amulet)
Stlth   ++++         g - ring of positive energy
HPRegen 0.23/turn    i - ring of resist corrosion
MPRegen 0.08/turn

%: no passive effects
@: about to teleport
A: small, no large weapons, nightstalker 3
a: no special abilities


You were on level 2 of the Dungeon.
You visited 1 branch of the dungeon, and saw 2 of its levels.

You collected 33 gold pieces.

Inventory:

Hand Weapons
 a - a +2 dagger (weapon)
Missiles
 d - 7 poisoned darts (quivered)
 e - 3 curare-tipped darts
Armour
 b - a +0 robe (worn)
 c - a +0 cloak (worn)
Jewellery
 g - a ring of positive energy (left hand)
 i - a ring of resist corrosion (right hand)
Scrolls
 f - a scroll of identify
Potions
 j - a potion of magic {unknown}
 k - a potion of mutation {unknown}
 l - a potion of might {unknown}


   Skills:
 - Level 2.1 Fighting
 + Level 3.3 Short Blades
 + Level 2.7 Throwing
 + Level 2.1 Dodging
 + Level 5.7 Stealth


You had 2 spell levels left.
You didn't know any spells.
Your spell library was empty.

Dungeon Overview and Level Annotations

Branches:
Dungeon (2/15)

Altars:

Annotations:
D:2 Sigmund


Innate Abilities, Weirdness & Mutations

You are small and have problems with some larger weapons.
You are completely attuned to the shadows.


Message History

Throw: 8 darts (poison)
Press: ? - help, Q - select action, (/) - cycle Shift-Dir - straight line, f - Sigmund
Aim: Sigmund, wielding a +0 scythe, wearing a +0 robe and carrying a wand of flame (asleep, 98% to hit)
You throw a poisoned dart. The poisoned dart hits Sigmund!
Sigmund is poisoned.
Sigmund shouts!
You hear a loud squeak.
A rat comes into view.
Sigmund closely misses you.
You hit Sigmund.
Sigmund is lightly wounded.
Sigmund hits you but does no damage.
You barely miss Sigmund.
Sigmund is lightly wounded.
The rat barely misses you.
A giant cockroach comes into view.
You hit Sigmund but do no damage.
Sigmund is lightly wounded.
Sigmund hits you with a +0 scythe! The rat closely misses you.
You hit Sigmund.
Sigmund is moderately wounded.
The rat bites you but does no damage.
Sigmund zaps a wand.
The puff of flame hits you!
* * * LOW HITPOINT WARNING * * *
The rat attacks as it pursues you! The rat completely misses you.
Sigmund attacks as he pursues you! Sigmund barely misses you.
The rat attacks as it pursues you! The rat barely misses you.
You see here a dark potion.
l - a dark potion The giant cockroach misses you.
Sigmund casts a spell.
Sigmund flickers and vanishes!
Deactivating autopickup; reactivate with Ctrl-A.
The rat bites you.
* * * LOW HITPOINT WARNING * * *
As you read the scroll of teleportation, it crumbles to dust.
You feel strangely unstable. The giant cockroach bites you.
* * * LOW HITPOINT WARNING * * *
Something hits you!
Ouch! That really hurt!
You die...

####### #......
#......
######r{....
#....@B..(..
..##.#.##......
....<..........
#.#########.##.
.#


You could see a giant cockroach and a rat.

Vanquished Creatures
  3 dart slugs
  4 endoplasms (D:1)
  2 giant cockroaches (D:1)
  4 goblins (D:1)
  2 hobgoblins (D:1)
  3 kobolds (D:1)
  2 quokkas (D:1)
  4 bats (D:1)
  2 frilled lizards (D:1)
  A rat (D:1)
27 creatures vanquished.

Notes
Turn   | Place    | Note
-------+----------+-------------------------------------------
     0 | D:1      | Doomgape the Kobold Brigand began the quest for the Orb.
     0 | D:1      | Reached XP level 1. HP: 12/12 MP: 1/1
    73 | D:1      | Reached XP level 2. HP: 17/17 MP: 2/2
   356 | D:1      | Reached XP level 3. HP: 18/21 MP: 3/3
   779 | D:1      | Found a faded altar of an unknown god.
   822 | D:2      | Noticed Sigmund
   833 | D:2      | Mangled by Sigmund

Illustrated notes

Levels and vault maps discovered:
D:1:      minmay_arrival_nine_rooms, layout_basic,
          shapermc_ecumenical_altar_acropolis
D:2:      layout_basic, basic_altar, minmay_misc_feat_columns,
          minmay_worlds_worst_comb, uniq_robin, uniq_sigmund

Skill      XL: |  1  2  3 |
---------------+----------+-----
Short Blades   | 3 |  3.3
Dodging        | 2 |  2.1
Fighting       | |  2.1
Throwing       | |  2.7
Stealth        | |  5.7

Action                     || total
---------------------------++-------
  Melee: Dagger            ||    73
  Throw: Dart              ||    13
    Use: Scroll            ||     2
   Stab: Sleeping          ||     8
 Armour: Robe              ||    27
  Dodge: Dodged            ||    43
